 Dungeon Crawl Stone Soup version 0.30-b1-2-g02819fbbbe (webtiles) character file.

Game seed: 16450414355079834311

268 Mesmaeker13 the Shooter (level 6, 0/38 HPs)
             Began as a Kobold Hunter on May 9, 2023.
             Slain by Edmund
             ... wielding a +2 dire flail of holy wrath
              (11 damage)
             ... on level 4 of the Dungeon.
             The game lasted 00:05:37 (3477 turns).

Mesmaeker13 the Shooter (Kobold Hunter)             Turns: 3477, Time: 00:05:38

Health: 0/38       AC:  7    Str:  9    XL:     6   Next: 45%
Magic:  6/6        EV: 16    Int: 10    God:
Gold:   137        SH:  0    Dex: 20    Spells: 5/5 levels left

rFire   . . .        a - +1 shortbow
rCold   . . .        (shield currently unavailable)
rNeg    . . .        c - +0 leather armour
rPois   .            v - +0 helmet
rElec   .            j - +1 cloak
rCorr   .            n - +0 pair of gloves
SInv    .            (no boots)
Will    .....        x - amulet of reflection
Stlth   ++           (no ring)
HPRegen 0.26/turn    (no ring)
MPRegen 0.10/turn

%: reflection
@: confused, ambrosia-drunk
A: small, no large weapons, nightstalker 3
a: no special abilities


You were on level 4 of the Dungeon.
You visited 1 branch of the dungeon, and saw 4 of its levels.

You collected 137 gold pieces.

Inventory:

Hand Weapons
 a - a +1 shortbow (weapon)
 y - a +1 short sword of draining
Missiles
 s - 6 poisoned darts
Armour
 c - a +0 leather armour (worn)
 h - a +0 scale mail
 j - a +1 cloak (worn)
 n - a +0 pair of gloves (worn)
 v - a +0 helmet (worn)
Jewellery
 x - an amulet of reflection (around neck)
Scrolls
 b - 2 scrolls of immolation
 f - a scroll of fog {unknown}
 g - a scroll of poison
 k - a scroll of identify {unknown}
 l - a scroll of vulnerability {unknown}
 q - a scroll of enchant weapon
 u - a scroll of blinking {unknown}
Potions
 d - a potion of might {unknown}
 e - a potion of mutation {unknown}
 i - a potion of ambrosia
 p - a potion of curing {unknown}
 r - a potion of berserk rage {unknown}
 t - a potion of magic {unknown}
 w - a potion of attraction {unknown}


   Skills:
 + Level 3.8 Fighting
 * Level 7.8 Ranged Weapons
 + Level 4.2 Dodging
 - Level 1.3 Stealth


You had 5 spell levels left.
You didn't know any spells.
Your spell library contained the following spells:

 Spells                   Type           Power      Damage    Failure   Level
 Freeze                   Ice            0%         1d3       47%         1
 Necrotise                Necr           0%         1d4       47%         1
 Sting                    Tmut/Pois      0%         1d3       47%         1
 Blink                    Tloc           0%         N/A       63%         2
 Ensorcelled Hibernation  Hex/Ice        0%         N/A       63%         2
 Lesser Beckoning         Tloc           0%         N/A       63%         2
 Momentum Strike          Conj/Tloc      0%         3d8       63%         2
 Poisonous Vapours        Pois/Air       0%         N/A       63%         2
 Frozen Ramparts          Ice            0%         1d1       85%         3
 Hailstorm                Conj/Ice       0%         3d3       85%         3
 Spider Form              Tmut/Pois      0%         N/A       85%         3
 Summon Guardian Golem    Hex/Summ       0%         N/A       85%         3
 Vampiric Draining        Necr           0%         2d6       85%         3
 Anguish                  Hex/Necr       0%         N/A       99%         4
 Olgreb's Toxic Radiance  Pois           0%         N/A       99%         4
 Agony                    Necr           0%         N/A       100%        5
 Orb of Destruction       Conj           0%         9d5       100%        7
 Spellforged Servitor     Conj/Summ      0%         N/A       100%        7


Dungeon Overview and Level Annotations

Branches:
Dungeon (4/15)
 Temple: D:4-7

Altars:
Wu Jian

Shops:
D:2 [

Annotations:
D:2 1 runed translucent door, Crazy Yiuf
D:3 exclusions: door and 3 more exclusions, Sigmund
D:4 Edmund


Innate Abilities, Weirdness & Mutations

You are small and have problems with some larger weapons.
You are completely attuned to the shadows.


Message History

You block Edmund's attack.
You shoot an arrow.
The arrow hits Edmund but does no damage.
Edmund is heavily wounded.
Edmund misses you.
You shoot an arrow.
The arrow hits Edmund but does no damage.
Edmund is heavily wounded.
Edmund barely misses you.
You shoot an arrow. The arrow barely misses Edmund.
Edmund hits you with a +2 dire flail of holy wrath!
You shoot an arrow. The arrow closely misses Edmund.
You block Edmund's attack.
You shoot an arrow. The arrow barely misses Edmund.
Edmund hits you with a +2 dire flail of holy wrath.
You shoot an arrow. The arrow barely misses Edmund.
Edmund hits you with a +2 dire flail of holy wrath.
You block Edmund's attack.
You shoot an arrow. The arrow barely misses Edmund.
Edmund hits you with a +2 dire flail of holy wrath!
* * * LOW HITPOINT WARNING * * *
You are too injured to fight recklessly!
You are too injured to fight recklessly!
Unknown command.
Okay, then.
Unknown command.
Okay, then.
Sorry, you're not good enough to have a special ability.
Unknown command.
Edmund attacks as you move away!
Edmund hits you with a +2 dire flail of holy wrath.
* * * LOW HITPOINT WARNING * * *
Edmund attacks as you move away! You block Edmund's attack.
Edmund mutters, "Who needs spells, anyway?"
Okay, then.
You are confused.
You feel invigorated.
Edmund hits you with a +2 dire flail of holy wrath!
* * * LOW HITPOINT WARNING * * *
Edmund hits you with a +2 dire flail of holy wrath!
You die...

#...# ....## #.. #....# #.#
#....# ########.# ####...##
......##.# #.......##########
#####.##.###..)#.#...........
##.......)............<... #
#....###@@###.............
..##.###.....# #.............
..(......###.###.............
.....###......###............
....## #......# #............
.... #......# #....[......
...# #......# .......#....
..# ....... ###########
......##


You could see Edmund.

Vanquished Creatures
  A kobold brigand (D:4)
  An orc priest (D:3)
  A sleepcap (D:4)
  Natasha (twice) (D:3)
  An orc wizard (D:3)
  Robin (D:3)
  A gnoll (D:4)
  2 adders
  2 dart slugs
  4 orcs (D:3)
  6 ball pythons
  4 endoplasms
  2 giant cockroaches
  13 goblins
  4 hobgoblins
  10 jackals
  A quokka (D:4)
  2 bats (D:2)
  2 frilled lizards
  5 kobolds
  8 rats
73 creatures vanquished.

Vanquished Creatures (others)
  2 fungi
2 creatures vanquished.

Grand Total: 75 creatures vanquished

Notes
Turn   | Place    | Note
-------+----------+-------------------------------------------
     0 | D:1      | Mesmaeker13 the Kobold Hunter began the quest for the Orb.
     0 | D:1      | Reached XP level 1. HP: 12/12 MP: 1/1
   153 | D:1      | Reached XP level 2. HP: 18/18 MP: 2/2
   872 | D:2      | Reached XP level 3. HP: 22/22 MP: 3/3
   879 | D:2      | Found an ornate altar of the Wu Jian Council.
   983 | D:2      | Reached skill level 6 in Ranged Weapons
  1078 | D:2      | Found a runed translucent door.
  1081 | D:2      | Noticed Crazy Yiuf
  1142 | D:2      | Found Roecuysh's Armour Shoppe.
  1753 | D:3      | Reached XP level 4. HP: 23/27 MP: 4/4
  1999 | D:3      | Noticed Robin
  2007 | D:3      | Killed Robin
  2154 | D:3      | Reached XP level 5. HP: 17/32 MP: 5/5
  2259 | D:3      | Reached skill level 7 in Ranged Weapons
  2617 | D:3      | Noticed Natasha
  2620 | D:3      | Killed Natasha
  2666 | D:3      | Noticed Sigmund
  2926 | D:3      | Noticed Natasha
  3149 | D:3      | Killed Natasha
  3150 | D:3      | Reached XP level 6. HP: 38/38 MP: 6/6
  3440 | D:4      | Noticed Edmund
  3477 | D:4      | Slain by Edmund

Illustrated notes

Levels and vault maps discovered:
D:1:      dpeg_arrival_prison, layout_loops_ring
D:2:      layout_rooms, serial_shops, shop, basic_altar, uniq_crazy_yiuf_cottage
D:3:      layout_loops_corners, minmay_vboxes, uniq_natasha, uniq_robin,
          uniq_sigmund
D:4:      layout_rooms, minmay_overflow_temple_hex, temple_pool_b, st_stairs_8,
          columned_hall_lemuel, minmay_misc_feat_columns,
          minmay_misc_feat_cross, uniq_edmund, uniq_menkaure

Skill      XL: |  1  2  3  4  5 |
---------------+----------------+-----
Ranged Weapons | 6 7 |  7.8
Dodging        | 3 4 |  4.2
Fighting       | 3 |  3.8
Stealth        | |  1.3

Action                     |  1- 3 |  4- 6 || total
---------------------------+-------+-------++-------
   Fire: Shortbow          |    83 |   127 ||   210
  Throw: Dart              |       |     1 ||     1
         Throwing net      |       |     1 ||     1
    Use: Scroll            |     1 |     5 ||     6
         Potion            |       |     2 ||     2
 Armour: Leather armour    |    13 |    18 ||    31
  Dodge: Dodged            |    42 |    74 ||   116
  Block: Other             |       |    16 ||    16
         Reflection        |       |     1 ||     1
